 Dungeon Crawl Stone Soup version 0.23.1-42-g8abd8fc (webtiles) character file.

Game seed: 16989679859203570547

190 Kairos the Shield-Bearer (level 5, -2/47 HPs)
             Began as a Minotaur Fighter on Mar 30, 2019.
             Slain by a hobgoblin
             ... wielding a +0 club
             ... led by Robin
              (5 damage)
             ... on level 3 of the Dungeon.
             The game lasted 00:02:39 (2082 turns).

Kairos the Shield-Bearer (Minotaur Fighter)         Turns: 2082, Time: 00:02:40

Health: -2/47      AC:  8    Str: 27    XL:     5   Next: 41%
Magic:  4/4        EV:  8    Int:  5    God:
Gold:   133        SH: 11    Dex:  9    Spells: 4/4 levels left

rFire    . . .     SeeInvis .   a - +1 war axe
rCold    . . .     Gourm    .   c - +1 shield
rNeg     . . .     Faith    .   b - +0 scale mail
rPois    .         Spirit   .   (helmet restricted)
rElec    .         Reflect  .   f - +0 cloak {MR+}
rCorr    .         Harm     .   (no gloves)
MR       +....                  (no boots)
Stlth    ..........             o - amulet of inaccuracy (curse)
HPRegen  0.15/turn              g - ring of attention (curse)
MPRegen  0.09/turn              (no ring)

@: mighty
A: retaliatory headbutt, horns 2
a: no special abilities


You were on level 3 of the Dungeon.
You were not hungry.

You visited 1 branch of the dungeon, and saw 3 of its levels.

You collected 133 gold pieces.

Inventory:

Hand Weapons
 a - a +1 war axe (weapon)
Armour
 b - a +0 scale mail (worn)
 c - a +1 shield (worn)
 f - a +0 cloak of magic resistance (worn)
Jewellery
 g - a cursed ring of attention (left hand)
 o - a cursed amulet of inaccuracy (around neck)
Scrolls
 h - a scroll of amnesia
 i - 2 scrolls of teleportation
 j - a scroll of immolation
Potions
 e - 2 potions of haste
 l - a potion of ambrosia {unknown}
 m - a potion of degeneration {unknown}
 p - a potion of cancellation {unknown}


   Skills:
 + Level 4.5 Fighting
 + Level 3.4 Axes
 + Level 4.9 Armour
 + Level 1.0 Dodging
 + Level 5.2 Shields


You had 4 spell levels left.
You didn't know any spells.
Your spell library was empty.

Dungeon Overview and Level Annotations

Branches:
Dungeon (3/15)

Altars:


Innate Abilities, Weirdness & Mutations

You reflexively headbutt those who attack you in melee.
You have a pair of horns on your head.


Message History

Your shield prevents you from hitting Robin.
You miss the hobgoblin. You barely miss the goblin. You miss the goblin.
Robin closely misses you. The goblin hits you.
* * * LOW HITPOINT WARNING * * *
The goblin barely misses you. You block the hobgoblin's attack.
Robin barely misses you.
Unknown command.
You completely miss Robin. You closely miss the goblin. You miss the goblin.
You barely miss the hobgoblin. The goblin hits you but does no damage.
The goblin closely misses you.
The hobgoblin hits you but does no damage.
The goblin hits you.
* * * LOW HITPOINT WARNING * * *
You block the goblin's attack.
You slice Robin!!
You kill Robin!
Your Dodging skill increases to level 1!
You closely miss the goblin. You barely miss the goblin.
You miss the hobgoblin. The hobgoblin hits you with a +0 club.
You die...

,,,*,,*,,****,**********,,8,,,8**
,,,,,***,####..#* ##.......,,,,,*
,,,*** *,...#...###........,>,,,*
,,,* **,........#.(........,,,,*
,,,****,,...................8,,**
,,,,,,*,,...................,,**
,,,**,*,,...................#**
,,,**,,*,......g)#......>...#
,,,***,,,......g@g)........#*
,,,* ****##########........##
**** #..........# #..........#
#..........# #..........#
#.<..†.....# ##........##
##...[..##


You could see a hobgoblin and 2 goblins.

Vanquished Creatures
  Crazy Yiuf (D:2)
  Robin (D:3)
  7 adders
  An ooze (D:1)
  3 worms
  3 dart slugs
  8 giant cockroaches
  14 goblins
  8 hobgoblins
  2 kobolds
  2 quokkas (D:2)
  9 bats
  A frilled lizard (D:2)
  9 rats
69 creatures vanquished.

Notes
Turn   | Place    | Note
-------+----------+-------------------------------------------
     0 | D:1      | Kairos the Minotaur Fighter began the quest for the Orb.
     0 | D:1      | Reached XP level 1. HP: 19/19 MP: 0/0
    79 | D:1      | Reached XP level 2. HP: 22/27 MP: 1/1
   261 | D:1      | Reached skill level 4 in Shields
   403 | D:1      | Reached XP level 3. HP: 29/33 MP: 2/2
  1174 | D:2      | Reached XP level 4. HP: 38/41 MP: 3/3
  1269 | D:2      | Found a runed translucent door.
  1270 | D:2      | Noticed Crazy Yiuf
  1996 | D:2      | Killed Crazy Yiuf
  1996 | D:2      | Reached skill level 5 in Shields
  1996 | D:2      | Reached XP level 5. HP: 28/47 MP: 4/4
  2060 | D:3      | Noticed Robin
  2082 | D:3      | Killed Robin
  2082 | D:3      | Reached skill level 1 in Dodging
  2082 | D:3      | Slain by a hobgoblin

Skill      XL: |  1  2  3  4  5 |
---------------+----------------+-----
Armour         | 4 |  4.9
Shields        | 4 5 |  5.2
Fighting       | 4 |  4.5
Axes           | 3 |  3.4
Dodging        | 1 |  1.0

Action                   |  1- 3 |  4- 6 || total
-------------------------+-------+-------++-------
Melee: War axe           |   105 |    65 ||   170
       Headbutt          |    11 |     4 ||    15
  Use: Scroll            |     8 |     2 ||    10
       Potion            |       |     1 ||     1
  Eat: Chunk             |       |     2 ||     2
       Ration            |       |     1 ||     1
Armor: Scale mail        |    46 |    48 ||    94
Dodge: Dodged            |    35 |    32 ||    67
Block: Shield            |    54 |    57 ||   111
